 Dungeon Crawl Stone Soup version 0.28-a0-1613-gdaab1c2f9b (webtiles) character file.

Game seed: 4363706892330981745

135 mcsnuffy the Conjurer (level 4, -7/26 HPs)
             Began as a Deep Elf Conjurer on Jan 22, 2022.
             Mangled by a mummy (14 damage)
             ... on level 4 of the Dungeon.
             The game lasted 00:07:04 (3288 turns).

mcsnuffy the Conjurer (Deep Elf Conjurer)           Turns: 3288, Time: 00:07:05

Health: -7/26      AC:  3    Str:  4    XL:     4   Next: 96%
Magic:  10/10      EV: 13    Int: 25    God:
Gold:   244        SH:  0    Dex: 13    Spells: 6/9 levels left

rFire   . . .      SeeInvis .   p - +2 dagger (elec)
rCold   . . .      Faith    .   (no shield)
rNeg    . . .      Spirit   .   a - +0 robe
rPois   .          Reflect  .   (no helmet)
rElec   .          Harm     .   g - +0 cloak
rCorr   .          Rampage  .   (no gloves)
Will    .....                   (no boots)
Stlth   ++........              (no amulet)
HPRegen 0.08/turn               (no ring)
MPRegen 0.12/turn               (no ring)

@: no status effects
A: no striking features
a: no special abilities


You were on level 4 of the Dungeon.
You visited 1 branch of the dungeon, and saw 4 of its levels.

You collected 244 gold pieces.


   Skills:
 - Level 2.0 Fighting
 + Level 3.1 Dodging
 - Level 2.4 Stealth
 - Level 3.0 Spellcasting
 - Level 6.0 Conjurations


You had 6 spell levels left.
You knew the following spells:

 Your Spells              Type           Power      Damage    Failure   Level
m - Magic Dart            Conj           100%       1d8       1%          1
s - Searing Ray           Conj           66%        2d6       1%          2

Your spell library contained the following spells:

 Spells                   Type           Power      Damage    Failure   Level
 Dazzling Flash           Conj/Hex       36%        N/A       9%          3
 Fulminant Prism          Conj/Hex       9%         3d7       28%         4
 Iskenderun's Mystic Bla  Conj/Tloc      18%        2d6       28%         4

Inventory:

Hand Weapons
 d - a +0 whip
 p - a +2 dagger of electrocution (weapon)
Armour
 a - a +0 robe (worn)
 g - a +0 cloak (worn)
Scrolls
 b - a scroll of silence {unknown}
 f - a scroll of teleportation {@r2}
 i - a scroll of identify {unknown}
 k - a scroll of enchant armour {unknown}
 o - a scroll of vulnerability {unknown}
Potions
 c - a potion of flight {unknown}
 e - 4 potions of brilliance {unknown}
 h - a potion of resistance {unknown}
 j - 3 potions of berserk rage {unknown}
 l - a potion of degeneration {unknown}
 m - a potion of ambrosia {unknown}
 n - a potion of curing {unknown}

Dungeon Overview and Level Annotations

Branches:
Dungeon (4/15)
 Temple: D:4-7

Altars:
Cheibriados

.#....###).........###
..)##.# #)[...##.#.#
...##.# #.....##.#.####
##....# #.....#.......#
##......+........#..######
...#..#.#.....##....#....#
........##..####.......#.#
(..#..#..#......M......#.#
..............##@......#.#
..##..##.#.#####รท.#.#..#.#
[..........# #.........#
#.##.......# #....#..###
.........#######.......#
...............###...#.###
.#.#..##.................#
..........####.##....>####
......##..# #.##.....<##


You could see a mummy.


Message History

The lemure is almost dead.
The lemure hits you.
* * * LOW HITPOINT WARNING * * *
You hit the lemure but do no damage. Lightning courses through the lemure!
You kill the lemure!
That felt strangely unrewarding.
(D) Dungeon
Where to? (Enter - D:3 @ (x,y), ? - help)
There is a stone staircase leading down here.
You climb downwards.
You hear the sound of rushing water.
There is an entrance to a sewer on this level.
Hurry and find it before the portal rusts away!
The walls and floor vibrate strangely for a moment.
There is a stone staircase leading up, spattered with blood here.
You hit the mummy but do no damage. The mummy hits you!
* * * LOW HITPOINT WARNING * * *
You are too injured to fight recklessly!
You hit the mummy but do no damage. The mummy closely misses you.
You hit the mummy.
The mummy is lightly damaged.
You completely miss the mummy.
The mummy is lightly damaged.
The mummy barely misses you.
You hit the mummy but do no damage. Lightning courses through the mummy!
The mummy is almost destroyed.
You hit the mummy but do no damage.
The mummy is almost destroyed.
The mummy hits you!
Ouch! That really hurt!
You die...

Skill      XL: |  1  2  3  4 |
---------------+-------------+-----
Conjurations   | 5 6 |  6.0
Fighting       | 2 |  2.0
Dodging        | 3 |  3.1
Stealth        | |  2.4
Spellcasting   | |  3.0

Action                   |  1- 3 |  4- 6 || total
-------------------------+-------+-------++-------
Melee: Dagger            |       |    13 ||    13
 Cast: Magic Dart        |    65 |    28 ||    93
       Searing Ray       |       |     1 ||     1
  Use: Scroll            |       |     1 ||     1
Armor: Robe              |     1 |     1 ||     2
Dodge: Dodged            |     2 |    16 ||    18

Levels and vault maps discovered:
D:1:      moated_graveyard_arrival, layout_basic
D:2:      layout_basic, basic_altar, shapermc_ecumenical_altar_mp_urbaneastern
D:3:      layout_loops_cross, nrook_loot_triangle
D:4:      layout_basic, nicolae_ossuary_entry_giza, gup_sewer_entry_bubbles,
          uniq_pikel, uniq_eustachio, uniq_sigmund

Notes
Turn   | Place    | Note
-------+----------+-------------------------------------------
     0 | D:1      | mcsnuffy the Deep Elf Conjurer began the quest for the Orb.
     0 | D:1      | Reached XP level 1. HP: 10/10 MP: 6/6
   248 | D:1      | Reached XP level 2. HP: 15/15 MP: 5/8
   322 | D:1      | Reached skill level 5 in Conjurations
  1021 | D:2      | Learned a level 2 spell: Searing Ray
  1048 | D:2      | Found a snail-covered altar of Cheibriados.
  1162 | D:2      | Reached XP level 3. HP: 19/19 MP: 5/9
  1289 | D:2      | Found a faded altar of an unknown god.
  1811 | D:3      | Reached skill level 6 in Conjurations
  2183 | D:3      | Reached XP level 4. HP: 24/24 MP: 7/10
  2569 | D:4      | Reached skill level 1 in Fighting
  2915 | D:4      | Noticed a lemure
  2958 | D:4      | Reached skill level 2 in Fighting
  2958 | D:4      | Reached skill level 3 in Dodging
  3115 | D:4      | Identified the +1 robe of Insatiable Hunger {Rampage Str+7
                  | Int-2}
  3126 | D:4      | Found a sand-covered staircase.
  3255 | D:3      | Killed a lemure
  3288 | D:4      | Mangled by a mummy

Vanquished Creatures
  A lemure (D:3)
  An iguana (D:4)
  An orc wizard (D:4)
  3 adders
  An ufetubus (D:4)
  A worm (D:2)
  A dart slug (D:2)
  4 orcs (D:4)
  5 bats
  4 endoplasms
  A giant cockroach (D:3)
  4 goblins
  4 hobgoblins
  5 kobolds
  A quokka (D:2)
  4 ball pythons
  4 frilled lizards (D:1)
  4 rats (D:2)
49 creatures vanquished.

Vanquished Creatures (others)
  4 fungi (D:2)
  7 plants (D:2)
11 creatures vanquished.

Grand Total: 60 creatures vanquished

Table legend: (Time is in decaauts)
 A = Elapsed time spent in this place.
 B = Non-inter-level travel time spent in this place.
 C = Inter-level travel time spent in this place.
 D = Time resting spent in this place.
 E = Time spent auto-exploring this place.
 F = Levels seen in this place.
 G = Mean time per level.
                   A        B        C        D        E       F      G
               +--------+--------+--------+--------+--------+-----+--------+
         Total |   3290 |   3124 |    166 |    477 |   2173 |   4 |  822.5 |
       Dungeon |   3290 |   3124 |    166 |    477 |   2173 |   4 |  822.5 |
               +--------+--------+--------+--------+--------+-----+--------+

Top non-repeatable levels by time:
     D:3: 1068 daAuts
     D:1: 1011 daAuts
     D:2: 784 daAuts
     D:4: 425 daAuts

Table legend:
 A = Non-vault XP
 B = Vault XP
 C = Vault XP percentage of total XP
 D = Non-vault monster count
 E = Vault monster count
 F = Vault count percentage of total count
                 A         B        C        D         E       F
            +---------+---------+-------+---------+---------+-------
      Total |     193 |       0 |   0.0 |      48 |       0 |   0.0
            +---------+---------+-------+---------+---------+-------
        D:1 |      22 |       0 |   0.0 |      16 |       0 |   0.0
        D:2 |      55 |       0 |   0.0 |      17 |       0 |   0.0
        D:3 |      21 |       0 |   0.0 |       6 |       0 |   0.0
        D:4 |      95 |       0 |   0.0 |       9 |       0 |   0.0
            +---------+---------+-------+---------+---------+-------
